 Dungeon Crawl Stone Soup version 0.30-a0-702-gdf48620a09 (webtiles) character file.

Game seed: 6916082273814193009

208 Spectrina the Poker (level 5, 0/38 HPs)
             Began as a Merfolk Reaver on Jan 22, 2023.
             Was an Initiate of Kikubaaqudgha.
             Slain by an orc
             ... wielding a +0 hand axe
              (3 damage)
             ... on level 4 of the Dungeon.
             The game lasted 00:08:15 (817 turns).

Spectrina the Poker (Merfolk Reaver)                 Turns: 817, Time: 00:08:15

Health: 0/38       AC:  6    Str: 14    XL:     5   Next: 86%
Magic:  8/8        EV: 11    Int: 12    God:    Kikubaaqudgha [......]
Gold:   110        SH:  0    Dex: 13    Spells: 7/8 levels left

rFire   . . .      SeeInvis .    g - +0 halberd
rCold   . . .      Faith    .    (shield currently unavailable)
rNeg    . . .      Spirit   .    l - +1 ring mail {rPois}
rPois   +          Reflect  .    (no helmet)
rElec   .          Harm     .    (no cloak)
rCorr   .          Rampage  .    (no gloves)
Will    .....                    (no boots) Stlth
                                 (no amulet)
HPRegen 0.26/turn                (no ring)
MPRegen 0.11/turn                (no ring)

@: silenced, attractive
A: (nimble swimmer 2), mertail
a: Renounce Religion


You were on level 4 of the Dungeon.
You worshipped Kikubaaqudgha.
Kikubaaqudgha was noncommittal.
You visited 1 branch of the dungeon, and saw 6 of its levels.

You collected 110 gold pieces.

Inventory:

Hand Weapons
 a - a +0 spear
 g - a +0 halberd (weapon)
 i - a +2 war axe of flaming
 m - a +0 falchion of holy wrath
 p - a +0 dagger of draining
Missiles
 k - 4 poisoned darts
Armour
 b - a +0 leather armour
 l - a +1 ring mail of poison resistance (worn)
Magical Staves
 h - a staff of earth
 o - a staff of cold
Wands
 s - a wand of acid (6)
Scrolls
 c - a scroll of fog {unknown}
 e - a scroll of identify
 j - a scroll of poison {unknown}
 q - a scroll of magic mapping {unknown}
 u - a scroll of amnesia {unknown}
Potions
 n - a potion of degeneration


   Skills:
 - Level 2.1 Fighting
 + Level 7.8 Polearms
 - Level 2.6 Dodging
 - Level 2.0 Spellcasting
 - Level 2.4 Conjurations
 + Level 1.5 Necromancy


You had 7 spell levels left.
You knew the following spells:

 Your Spells              Type           Power      Damage    Failure   Level
a - Kiss of Death         Conj/Necr      20%        2d7       26%         1

Your spell library contained the following spells:

 Spells                   Type           Power      Damage    Failure   Level
 Momentum Strike          Conj/Tloc      8%         3d8       45%         2
 Hailstorm                Conj/Ice       4%         3d4       71%         3
 Call Canine Familiar     Summ           1%         N/A       86%         3
 Confusing Touch          Hex            1%         N/A       86%         3
 Portal Projectile        Hex/Tloc       2%         N/A       86%         3
 Dispel Undead            Necr           4%         3d7       96%         4
 Leda's Liquefaction      Hex/Erth       0%         N/A       99%         4


Dungeon Overview and Level Annotations

Branches:
Dungeon (6/15)
 Temple: D:4-7

Altars:
Elyvilon
Gozag
Kikubaaqudgha
Makhleb
Ru
Zin
The Shining One

Annotations:
D:6 Eustachio


Innate Abilities, Weirdness & Mutations

((You are very nimble when in or above water. (Stealth+, EV+, Speed+++)))
Your lower body shifts to a powerful aquatic tail in water.


Message History

The magic dart hits you but does no damage.
Okay, then.
It was a potion of attraction.
You feel attractive to monsters.
Unknown command.
As you read the scroll labelled JUGIEQ KUURPH, it crumbles to dust.
You assume a fearsome visage.
The orc looks frightened! x3
The orc wizard looks frightened!
It was a scroll of fear.
The orc wizard mumbles some strange words.
The orc wizard flickers and vanishes!
Deactivating autopickup; reactivate with Ctrl-A.
The orc is attracted toward you.
Unknown command.
As you read the scroll labelled LUAPTU TAESEU, it crumbles to dust.
A profound silence engulfs you.
It was a scroll of silence.
Cornered, the orc turns to fight! x2; The orc is attracted toward you. x2
Unknown command.
You hit the orc.
The orc is almost dead.
The orc hits you but does no damage. The orc barely misses you.
The orc is attracted toward you.
Unknown command.
You hit the orc.
You kill the orc!
Kikubaaqudgha accepts your kill. The orc hits you but does no damage.
The orc is attracted toward you.
You strike the helpless orc from behind!
You hit the orc but do no damage.
Your attack snaps the orc out of its fear.
The orc hits you but does no damage. The orc hits you with a +0 hand axe.
* * * LOW HITPOINT WARNING * * *
You closely miss the orc. The orc closely misses you. x2
You hit the orc but do no damage. The orc hits you but does no damage.
The orc closely misses you.
You hit the orc but do no damage. The orc hits you but does no damage.
The orc barely misses you.
You closely miss the orc. The orc misses you.
The orc hits you with a +0 hand axe.
You die...
Kikubaaqudgha rasps: "You have failed me!
Welcome... death!"

#....#.#
#.....##
##.>.##
##.#...#
#.##.##
#.# #.#
#.# ...
#o# ..o
#@#


o.o #o# .## #.o..o.# #.###### .# .# .# .# You could see an orc wizard and 2
orcs.

Vanquished Creatures
  A scorpion (D:5)
  A hound (D:5)
  An orc wizard (D:5)
  6 adders
  A dart slug (D:1)
  An orc (D:4)
  2 ball pythons
  4 endoplasms
  A giant cockroach (D:3)
  A goblin (D:3)
  6 hobgoblins
  3 jackals (D:2)
  A kobold (D:1)
  A quokka (D:2)
  A bat (D:5)
  A frilled lizard (D:5)
  2 rats (D:2)
34 creatures vanquished.

Notes
Turn   | Place    | Note
-------+----------+-------------------------------------------
     0 | D:1      | Spectrina the Merfolk Reaver began the quest for the Orb.
     0 | D:1      | Reached XP level 1. HP: 16/16 MP: 3/3
    41 | D:2      | Found a burning altar of Makhleb.
    91 | D:1      | Reached XP level 2. HP: 20/22 MP: 5/5
   154 | D:2      | Reached skill level 5 in Polearms
   216 | D:3      | Found a glowing golden altar of the Shining One.
   255 | D:3      | Found a glowing silver altar of Zin.
   285 | D:3      | Reached XP level 3. HP: 27/27 MP: 6/6
   301 | D:3      | Found an opulent altar of Gozag.
   366 | D:4      | Reached skill level 6 in Polearms
   458 | D:2      | Reached XP level 4. HP: 17/33 MP: 7/7
   597 | D:5      | Entered Level 5 of the Dungeon
   604 | D:5      | Found a sacrificial altar of Ru.
   608 | D:5      | Reached skill level 7 in Polearms
   620 | D:5      | Found an ancient bone altar of Kikubaaqudgha.
   641 | D:5      | Became a worshipper of Kikubaaqudgha
   660 | D:5      | Reached XP level 5. HP: 33/38 MP: 8/8
   692 | D:6      | Found a white marble altar of Elyvilon.
   692 | D:6      | Noticed Eustachio
   693 | D:6      | Noticed a sky beast
   784 | D:5      | Reached skill level 1 in Necromancy
   817 | D:4      | Slain by an orc

Illustrated notes

Levels and vault maps discovered:
D:1:      psy_arrival_basics, layout_rooms
D:2:      layout_rooms, basic_altar
D:3:      layout_basic, mainiacjoe_overflow_small_starburst,
          mainiacjoe_overflow_tiny_flanked, tso_oasis_becter,
          minmay_misc_feat_room, uniq_grinder
D:4:      nicolae_cairo_tiling_large_dashed, layout_loops_ring,
          ebering_ghost_disaster_area
D:5:      layout_cave_pools, nicolae_ru_great_annihilating_truth,
          kennysheep_mini_moat, st_stairs_4
D:6:      layout_cave_pools, nicolae_hepliaklqana_hazy_memory,
          mainiacjoe_overflow_concentric_impassable, lemuel_crystal_altar,
          mainiacjoe_overflow_surrounded_room, mainiacjoe_overflow_brackets,
          serial_shops, shop, kennysheep_generic_room_6, uniq_menkaure,
          uniq_sigmund, uniq_eustachio

Skill      XL: |  1  2  3  4  5 |
---------------+----------------+-----
Polearms       | 5 6 7 |  7.8
Necromancy     | 1 |  1.5
Fighting       | |  2.1
Dodging        | |  2.6
Spellcasting   | |  2.0
Conjurations   | |  2.4

Action                   |  1- 3 |  4- 6 || total
-------------------------+-------+-------++-------
Melee: Spear             |    71 |       ||    71
       Halberd           |    42 |    44 ||    86
  Use: Scroll            |       |     3 ||     3
       Potion            |       |     2 ||     2
 Stab: Paralysed         |       |     2 ||     2
       Fleeing           |       |     1 ||     1
Armor: Leather armour    |    12 |       ||    12
       Ring mail         |    10 |    17 ||    27
Dodge: Dodged            |    51 |    28 ||    79

Table legend: (Time is in decaauts)
 A = Elapsed time spent in this place.
 B = Non-inter-level travel time spent in this place.
 C = Inter-level travel time spent in this place.
 D = Time resting spent in this place.
 E = Time spent auto-exploring this place.
 F = Levels seen in this place.
 G = Mean time per level.
                   A        B        C        D        E       F      G
               +--------+--------+--------+--------+--------+-----+--------+
         Total |    821 |    807 |     14 |      0 |      0 |   6 |  136.8 |
       Dungeon |    821 |    807 |     14 |      0 |      0 |   6 |  136.8 |
               +--------+--------+--------+--------+--------+-----+--------+

Top non-repeatable levels by time:
     D:3: 250 daAuts
     D:2: 193 daAuts
     D:4: 147 daAuts
     D:5: 131 daAuts
     D:1: 82 daAuts
     D:6: 15 daAuts
